[Event "*** Titled Tuesday Blitz"]
[Site "Chess.com"]
[Date "2021.03.09"]
[Round "3"]
[White "NoGalloNoParty"]
[Black "Klavdia_Nik"]
[Result "1-0"]
[WhiteElo "2303"]
[BlackElo "2056"]
[TimeControl "180+1"]
[EndTime "10:29:59 PST"]
[Termination "NoGalloNoParty won on time"]

1. d4 Nf6 2. Nf3 c5 3. d5 d6 4. Nc3 g6 5. e4 Bg7 6. Bb5+ Nfd7 7.
a4 b6 8. O-O O-O 9. Re1 Na6 10.
h3 Nc7 11. Bf1 a6 12. Bf4 Bb7 13. Qd2 b5 14. axb5 axb5 15. Rxa8 Qxa8 16. Nxb5 Nxb5 17.
Bxb5 Nb6 18. c3 Qa5 19. Bf1 Ba6 20. Bxa6 Qxa6 21. e5 Nc8 22. exd6 exd6 23. Qe2 Qb7 24. c4 Qxb2 25. Qxb2 Bxb2 26. Rb1 Bg7 27. Ng5 h6 28.
Ne4 Rd8 29. Rb8 Re8 30. Nxd6 Nxd6 31. Bxd6 Rxb8 32. Bxb8 f5 33. Bd6 Bd4 34. Kf1 Kf7 35. Ke2 g5 36. f3 h5 37. g4 hxg4 38. hxg4 fxg4 39. fxg4 Ke8 40. Kd3 Kd7 41. Bf8 Ke8 42. Bd6 Kd7 43. Bb8 Kc8 44. Bg3 Kd7 45. Ke4 Ke7 46. Kf5 Be3 47. Be5 Kf7 48. Bf6 Bd2 49. Bxg5 Bc3 50. Bf4 Bd4 51. Be5 Be3 52. g5 1-0

[Event "*** Titled Tuesday Blitz"]
[Site "Chess.com"]
[Date "2021.03.09"]
[Round "3"]
[White "Lupul_Cenusiu"]
[Black "ulkaf961"]
[Result "0-1"]
[WhiteElo "2569"]
[BlackElo "2417"]
[TimeControl "180+1"]
[EndTime "10:30:00 PST"]
[Termination "ulkaf961 won on time"]

1. d4 d5 2. c4 e6 3. Nc3 a6 4. e3 Nf6 5. Nf3 b6 6. cxd5 exd5 7.
Be2 Bd6 8. Ne5 O-O 9. O-O c5 10. f4 Bb7 11. Bf3 Ne4 12. Bd2 Nd7 13. Be1 Nxc3 14. bxc3 Nf6 15. Rb1 Ne4 16. a4 Rb8 17. Qb3 Ba8 18. Qa2 Qe7 19. Kh1 Rfc8 20. Rb2 b5 21. axb5 axb5 22. Qb1 b4 23. c4 cxd4 24. exd4 Nc3 25. Qf5 f6 26. Ng4 dxc4 27. Bxa8 Rxa8 28.
Bh4 Rf8 29. Re1 Qf7 30. Bxf6 Rae8 31. Rf1 Re6 32. Nh6+ gxh6 33. Qg4+ Qg6 34. Qxe6+ Qf7 35. Qxd6 Qxf6 36. Qxf6 Rxf6 37. Rxb4 Rc6 38. Re1 Nd5 39. Rb7 Kf8 40. Rd7 Nf6 41. Rb7 c3 42. g3 c2 43.
Rc1 Nd5 44. Rb2 Ne3 45. h3 Rd6 46. Rb4 Re6 0-1

[Event "*** Titled Tuesday Blitz"]
[Site "Chess.com"]
[Date "2021.03.09"]
[Round "3"]
[White "Treacherous_horse64"]
[Black "buhomurciano"]
[Result "1-0"]
[WhiteElo "2537"]
[BlackElo "2250"]
[TimeControl "180+1"]
[EndTime "10:30:00 PST"]
[Termination "Treacherous_horse64 won on time"]

1. d4 d5 2. c4 e6 3. Nc3 c6 4. e4 dxe4 5. Nxe4 Nf6 6. Nxf6+ Qxf6 7. Nf3 h6 8. Bd2 Bd6 9. Bd3 Nd7 10. Bc3 Qe7 11.
O-O O-O 12. Qe2 Re8 13. Rfe1 Nf6 14. Rad1 b6 15. Ne5 Bb7 16. Ng4 Nxg4 17. Qxg4 Qg5 18. Qe4 f5 19. Qf3 Rab8 20. c5 bxc5 21. dxc5 Bxc5 22.
Bc4 Qg6 23. Be5 Rbd8 24. Qb3 Bc8 25. Bc7 Rxd1 26. Rxd1 Kh8 27. Qc3 Be7 28. Be5 Bf6 29. Re1 Bxe5 30. Qxe5 Qf6 31. f4 Qxe5 32. Rxe5 g5 33.
g3 Kg7 34. Kf2 Kf6 35. Bb3 Re7 36. Ra5 Rc7 37. Ke3 Bd7 38. Bc4 e5 39. Rxe5 c5 40.
b3 Bc8 41. Re8 Re7+ 42. Rxe7 Kxe7 43. fxg5 hxg5 44. h4 gxh4 45. gxh4 Kf6 46. Kf4 Bb7 47. h5 Bc8 48. Bd3 Be6 49. h6 Kg6 50. Bxf5+ Bxf5 51. h7 Kg7 52. Kxf5 1-0

[Event "*** Titled Tuesday Blitz"]
[Site "Chess.com"]
[Date "2021.03.09"]
[Round "3"]
[White "Thjop"]
[Black "lagedema"]
[Result "1-0"]
[WhiteElo "2658"]
[BlackElo "2488"]
[TimeControl "180+1"]
[EndTime "10:30:01 PST"]
[Termination "Thjop won by resignation"]

1. e4 c6 2. d4 d5 3. e5 Bf5 4. Nf3 e6 5. Be2 c5 6. O-O Qb6 7. c4 dxc4 8. Na3 Nc6 9. Nxc4 Qc7 10. Bf4 Rd8 11. Nd6+ Bxd6 12. exd6 Qb6 13. dxc5 Qxc5 14. Qb3 Qb4 15. Qxb4 Nxb4 16. Bb5+ Kf8 17. d7 Ke7 18. Bc7 Rxd7 19. Bxd7 Kxd7 20. Be5 Nf6 21. Bxf6 gxf6 22.
a3 Nc6 23. Rad1+ Kc7 24. Nd4 Be4 25. Nxc6 Bxc6 26. f3 h5 27. h4 f5 28. Kf2 a5 29.
Rd2 f4 30. Rc1 a4 31. Rd4 e5 32. Rxa4 Rd8 33. Rc2 f6 34. Rac4 Kb6 35. a4 Rd1 36.
b3 Rb1 37. R4c3 Ka5 38. Rxc6 bxc6 39. Rxc6 Rb2+ 40. Kg1 Rxb3 41. Rxf6 Kxa4 42. Rf5 Re3 43. Rxh5 Kb3 44. Rf5 Kc4 45. h5 Kd5 46. h6 Ra3 47.
h7 Ra8 48. Rh5 Rh8 49. Kh2 Ke6 50. Kh3 Kf6 51. Kg4 Kg6 52. Rh1 Kf6 53. Ra1 Ke6 54. Ra6+ Kd5 55. Ra7 Kd4 56. Re7 Ke3 57. Rxe5+ Kf2 58.
Re7 Kxg2 59. Kxf4 Rf8+ 60. Kg5 Kxf3 61. Kg6 1-0

[Event "*** Titled Tuesday Blitz"]
[Site "Chess.com"]
[Date "2021.03.09"]
[Round "3"]
[White "As0nchess"]
[Black "Orest_Vovk"]
[Result "1-0"]
[WhiteElo "2661"]
[BlackElo "2430"]
[TimeControl "180+1"]
[EndTime "10:30:01 PST"]
[Termination "As0nchess won by checkmate"]

1. e4 Nc6 2. Nf3 d5 3. exd5 Qxd5 4. Nc3 Qa5 5. Bb5 Bd7 6. O-O O-O-O 7. a3 a6 8. Bc4 Qh5 9. Be2 Nf6 10. b4 h6 11.
Rb1 Bg4 12. h3 Bxh3 13. gxh3 Qxh3 14. Re1 Nd4 15. Nh2 e6 16. Bf1 Qh4 17. Re3 Nf5 18.
Rh3 Qd4 19. Ne2 Qd7 20. Ng3 g5 21. Nxf5 exf5 22. b5 axb5 23. Bxb5 c6 24. Bf1 g4 25. Rd3 Bd6 26. Bb2 Ne4 27. Bxh8 Rxh8 28. Re3 Qc7 29. Nxg4 Rg8 30. f3 Nf6 31. Reb3 b5 32. a4 b4 33. c3 fxg4 34. f4 g3 35. Bh3+ Kd8 36. cxb4 Nd5 37. Qf3 Bxf4 38. b5 Qb6+ 39. Kg2 Qd4 40.
Re1 c5 41. Rd3 Qc4 42. Qxd5+ Kc7 43. Qxc4 Bxd2 44. Rxd2 Kb6 45. Rd6+ Ka5 46. Qxc5 Rc8 47. Qc3+ Kxa4 48. Re7 Kxb5 49. Qb3+ Kc5 50. Rd5+ Kc6 51. Qb5# 1-0

[Event "*** Titled Tuesday Blitz"]
[Site "Chess.com"]
[Date "2021.03.09"]
[Round "3"]
[White "pastouche06"]
[Black "Sjakkerntobi"]
[Result "1-0"]
[WhiteElo "2549"]
[BlackElo "2366"]
[TimeControl "180+1"]
[EndTime "10:30:02 PST"]
[Termination "pastouche06 won on time"]

1. d4 e6 2. c4 Nf6 3. Nc3 c5 4. d5 exd5 5. cxd5 d6 6. e4 g6 7. Nge2 Bg7 8. Ng3 h5 9. Be2 h4 10. Nf1 Qe7 11. f3 Nh5 12. g4 Nf6 13. Bg5 a6 14. a4 Nbd7 15. Qd2 Ne5 16. h3 Qc7 17. f4 Ned7 18. Ne3 c4 19. Nxc4 Nc5 20. Qc2 Nh7 21.
Bxh4 g5 22. Bg3 O-O 23. e5 gxf4 24. exd6 Qd8 25. Bxf4 Re8 26. O-O Qh4 27. Kg2 Ng5 28. Bxg5 Qxg5 29. Bf3 Bd7 30. Nb6 Rad8 31. Nxd7 Nxd7 32.
Rae1 Ne5 33. Ne4 Qg6 34. Re2 Nxf3 35. Rxf3 Rf8 36. Ng3 Qxc2 37. Rxc2 Rxd6 38. Nf5 Rd7 39. d6 Be5 40. Rd2 Rfd8 41. Re3 f6 42. g5 Kf7 43. h4 Kg6 44. Ne7+ Rxe7 45. dxe7 Rxd2+ 46. Kf3 Kf7 47. g6+ Ke8 48. h5 Rd7 49. h6 Rxe7 50.
h7 Rxh7 51. gxh7 1-0

[Event "*** Titled Tuesday Blitz"]
[Site "Chess.com"]
[Date "2021.03.09"]
[Round "3"]
[White "Nuvas"]
[Black "Sanan_Sjugirov"]
[Result "0-1"]
[WhiteElo "2564"]
[BlackElo "2890"]
[TimeControl "180+1"]
[EndTime "10:30:03 PST"]
[Termination "Sanan_Sjugirov won on time"]

1. d4 Nf6 2. c4 e6 3. Nc3 Bb4 4. Qc2 d5 5. cxd5 exd5 6. Bg5 h6 7. Bh4 c5 8. dxc5 Be6 9. e3 Nbd7 10. Ne2 Rc8 11.
a3 Bxc5 12. Rd1 O-O 13. Nf4 Qa5 14. Qd2 Bxa3 15. Ra1 Bxb2 16. Qxb2 Qxc3+ 17. Qxc3 Rxc3 18. Bxf6 Nxf6 19. Rxa7 Rc1+ 20. Kd2 Rfc8 21. f3 Bf5 22. Ra2 b5 23. g4 Bh7 24. Nd3 Bxd3 25. Kxd3 b4 26. Rb2 Nd7 27. Bg2 R1c4 28. Rhb1 b3 29. f4 Nc5+ 30. Kd2 d4 31. Bd5 dxe3+ 32. Kxe3 Rc3+ 33. Kd4 Rd3+ 34. Kc4 Rh3 35. Kd4 Rd3+ 36. Kc4 Kf8 37. h4 Rg3 38. g5 hxg5 39. hxg5 Na4+ 40. Kd4 Nxb2 41. Rxb2 Rb8 42. Ke5 Rd3 43. Ke4 Rc3 44. Kd4 Rg3 45. Kc5 f6 46. Kc6 fxg5 47. fxg5 Rxg5 48. Bxb3 Rg6+ 49. Kc7 Rbb6 50. Rf2+ Rgf6 0-1

[Event "*** Titled Tuesday Blitz"]
[Site "Chess.com"]
[Date "2021.03.09"]
[Round "3"]
[White "googlegoom"]
[Black "NaciSAN"]
[Result "1-0"]
[WhiteElo "2477"]
[BlackElo "2275"]
[TimeControl "180+1"]
[EndTime "10:30:04 PST"]
[Termination "googlegoom won on time"]

1. Nf3 Nf6 2. b3 g6 3. Bb2 Bg7 4. e3 O-O 5. d4 d6 6. Be2 Nbd7 7. O-O b6 8. c4 Bb7 9. Nc3 Ne4 10. Qc2 Nxc3 11.
Bxc3 e6 12. Rfd1 Qe7 13. e4 c5 14. d5 Bxc3 15. Qxc3 e5 16. Bd3 Nf6 17. Qd2 Kg7 18.
Rf1 Nh5 19. g3 Bc8 20. Nh4 Bh3 21. Ng2 f5 22. exf5 gxf5 23. f4 exf4 24. gxf4 Rae8 25.
Rf3 Bxg2 26. Qxg2+ Kh8 27. Kh1 Qf6 28. Raf1 Rg8 29.
Qh3 Qg6 30. R3f2 Qg4 31. Bxf5 Qxh3 32. Bxh3 Ref8 33. Be6 Rg7 34. f5 Nf6 35. Rg2 h5 36. Rfg1 Rxg2 37. Rxg2 Kh7 38. Rg5 Kh6 39. Rg6+ Kh7 40.
Kg2 Ng4 41. h3 Nh6 42. Rg5 Rf6 43. Rxh5 Kg7 44. Rg5+ Kf8 45. Rg6 Rxg6+ 46. fxg6 Kg7 47. Bf7 Kf6 48. Kf3 Kf5 49. h4 Kf6 50. Kf4 a6 51. a4 a5 52. Be8 Nf5 53. h5 Nh6 54. g7 Kxg7 55. Kg5 Ng8 56. Bd7 Nh6 57. Be6 Nf7+ 58. Bxf7 Kxf7 59. h6 Ke7 60. Kg6 1-0

[Event "*** Titled Tuesday Blitz"]
[Site "Chess.com"]
[Date "2021.03.09"]
[Round "3"]
[White "Agoking701"]
[Black "DonBroca"]
[Result "1-0"]
[WhiteElo "2348"]
[BlackElo "2152"]
[TimeControl "180+1"]
[EndTime "10:30:04 PST"]
[Termination "Agoking701 won by resignation"]

1. d4 Nf6 2. Bf4 g6 3. Nc3 Bg7 4. e4 d6 5. Nf3 O-O 6. Be2 b6 7. O-O Bb7 8. Qd3 Nbd7 9. Rad1 Re8 10. Bg5 e5 11. dxe5 dxe5 12. Qe3 Qe7 13. Nd2 Qc5 14. f3 Rad8 15. Nb3 Qxe3+ 16. Bxe3 Bf8 17. Kf2 c6 18. a4 Nb8 19. a5 b5 20. Bxa7 Na6 21. Bb6 Rxd1 22.
Rxd1 Bb4 23. g4 Re7 24. Rd8+ Kg7 25. h4 Rd7 26. Rxd7 Nxd7 27. Na2 Bc5+ 28. Nxc5 Ndxc5 29. b4 Nd7 30. Ba7 f6 31. c3 Kf7 32. Ke3 Ke6 33. Bd1 Kd6 34. Bb3 Kc7 35. Nc1 Bc8 36.
Nd3 Kb7 37. Bc5 Ndxc5 38. Nxc5+ Nxc5 39. bxc5 Kc7 40. g5 fxg5 41. hxg5 Kb7 42. Bg8 Kc7 43.
Bxh7 Be6 44. Bxg6 Kb7 45. Bf5 Bg8 46. Bg6 Ka6 47. Be8 Kxa5 48. Bxc6 Ka6 49. Bd5 Ka5 50. Bxg8 b4 51. cxb4+ Kxb4 52. Bd5 Kxc5 53. g6 Kd6 54. g7 Ke7 55. g8=Q Kd6 56. Qe6+ Kc5 57. Qxe5 1-0

[Event "*** Titled Tuesday Blitz"]
[Site "Chess.com"]
[Date "2021.03.09"]
[Round "3"]
[White "arctic_t00"]
[Black "Nayemhaque22"]
[Result "1/2-1/2"]
[WhiteElo "2521"]
[BlackElo "2331"]
[TimeControl "180+1"]
[EndTime "10:30:06 PST"]
[Termination "Game drawn by repetition"]

1. Nf3 c5 2. g3 Nc6 3. Bg2 g6 4. O-O Bg7 5. d3 d5 6. e4 dxe4 7. dxe4 Qxd1 8. Rxd1 Bg4 9. c3 Nf6 10. h3 Bxf3 11. Bxf3 O-O 12. Be3 Rac8 13. Bg2 b6 14. Nd2 Ne5 15. f4 Nd3 16. Nc4 Rfd8 17. Bf1 b5 18. Rxd3 Rxd3 19. Bxd3 bxc4 20. Bxc4 Nxe4 21.
Kg2 Nd6 22. Bd5 a5 23. Re1 a4 24. Bd2 e6 25. Bf3 Nc4 26. Bc1 a3 27. b3 Nb2 28.
c4 Nd3 29. Rd1 Nxc1 30. Rxc1 Bd4 31. Rd1 Rb8 32. Rd3 Kg7 33. Bc6 f6 34. Bb5 e5 35.
Kf3 exf4 36. gxf4 Rd8 37. Bc6 f5 38. Bd5 Rb8 39. Bc6 Kf6 40. Bd5 h6 41. h4 Re8 42.
b4 Rb8 43. b5 Bb2 44. Re3 Rb6 45. Re8 g5 46. hxg5+ hxg5 47. Rf8+ Kg6 48. Rg8+ Kh7 49. fxg5 Be5 50. Re8 Bd4 51. Bf7 Kg7 52. g6 Rb7 53. Re6 Rd7 54. b6 Bc3 55. Rc6 Ba5 56. Kf4 Rb7 57.
Kxf5 Rxb6 58. Rxb6 Bxb6 59. Ke4 Ba5 60. Kd5 Bb4 61. Kc6 Kf6 62. Kb5 Kg7 63. Be8 Kf6 64. Kc6 Kg7 65. Kd5 Kf6 66. Kd6 Kg7 67. Ke7 Bc3 68.
Ke6 Bb4 69. Kd6 Kf6 70. Kd5 Kg7 71. Ke4 Bc3 72. Kf5 Bd4 73. Ke4 Kf8 74. Bf7 Kg7 75.
Kd5 Be3 76. Kc6 Kf8 77. Kb5 Kg7 78. Ka4 Bc1 79. Kb3 Bd2 80. Ka4 Bb4 81. Kb5 Kf8 82.
Kc6 Kg7 83. Kd5 Kf8 84. Kc6 Kg7 85. Kd5 Kf8 86. Kc6 1/2-1/2

[Event "*** Titled Tuesday Blitz"]
[Site "Chess.com"]
[Date "2021.03.09"]
[Round "3"]
[White "WPWPWP-2015"]
[Black "chessprincesa1"]
[Result "1-0"]
[WhiteElo "2503"]
[BlackElo "2248"]
[TimeControl "180+1"]
[EndTime "10:30:06 PST"]
[Termination "WPWPWP-2015 won on time"]

1. e4 e5 2. Nf3 Nc6 3. Bc4 Bc5 4. O-O Nf6 5. d3 O-O 6. h3 h6 7. Re1 d6 8. c3 a6 9. a4 Rb8 10. Na3 Be6 11. b4 Ba7 12. Bxe6 fxe6 13. Qb3 Qe8 14.
Nc2 Nh5 15. d4 exd4 16. cxd4 Kh8 17. Qc3 e5 18. Be3 exd4 19. Ncxd4 Nxd4 20. Bxd4 Bxd4 21.
Nxd4 Nf4 22. Nf5 Qg6 23. Qg3 Qxg3 24. Nxg3 Nd3 25. Re3 Nxb4 26. Rc1 Nc6 27. Nf5 Kh7 28. f3 g6 29. Ng3 Rfe8 30. Rec3 Re5 31. Nf1 Ra5 32.
Rc4 Rc8 33. Ne3 Kg7 34. Nd5 Kf7 35. Kf2 g5 36. g3 Ke6 37. f4 gxf4 38. gxf4 Kd7 39.
Rg1 Ke6 40. Rg6+ Kf7 41. Rxh6 Kg7 42. Rh5 Kf7 43. Rh7+ Kg6 44. Rxc7 Rxc7 45. Nxc7 Rc5 46. Rxc5 dxc5 47. Ke3 Nd4 48. Kd3 b5 49. Nxa6 bxa4 50. Nxc5 Nb5 51. Nxa4 Nd6 52. Nc3 1-0

[Event "*** Titled Tuesday Blitz"]
[Site "Chess.com"]
[Date "2021.03.09"]
[Round "3"]
[White "Msb2"]
[Black "mbojan"]
[Result "1-0"]
[WhiteElo "2906"]
[BlackElo "2623"]
[TimeControl "180+1"]
[EndTime "10:30:07 PST"]
[Termination "Msb2 won by resignation"]

1. d4 g6 2. c4 Bg7 3. e4 d6 4. Nc3 e5 5. Nf3 Nc6 6. Bg5 f6 7. Be3 Nh6 8. dxe5 dxe5 9. Qxd8+ Kxd8 10. Rd1+ Bd7 11. c5 Kc8 12. Bc4 Re8 13. a3 Nd8 14. b4 Be6 15. Bxe6+ Nxe6 16. O-O Nf7 17. b5 c6 18. a4 Bf8 19. Rc1 Kc7 20. b6+ axb6 21. cxb6+ Kd7 22. Rfd1+ Ke7 23. Nd2 Bh6 24. Bxh6 Nxh6 25.
Nb3 Nf7 26. a5 Red8 27. Na4 Rxd1+ 28. Rxd1 Nd6 29. f3 Nc4 30. Nac5 Nxc5 31. Nxc5 Rxa5 32. Nxb7 Rb5 33. h4 Rxb6 34. Nc5 Rb5 35. Nd3 Nb2 36. Nxb2 Rxb2 37. Ra1 Rb7 38. Kf2 Kd6 39. Ke3 Rb3+ 40. Kf2 Rb2+ 41. Kg3 h5 42. Ra7 c5 43. Rg7 c4 44.
Rxg6 c3 45. Rxf6+ Kc5 46. Rf8 c2 47. Rc8+ Kd4 48. Kh3 Ke3 49. g4 Kxf3 50. gxh5 Kxe4 51. h6 Kd4 52. h7 Rb3+ 53. Kg4 Rc3 54. h8=Q c1=Q 55.
Qd8+ Ke3 56. Qg5+ 1-0

[Event "*** Titled Tuesday Blitz"]
[Site "Chess.com"]
[Date "2021.03.09"]
[Round "3"]
[White "enriquebutti"]
[Black "J36225"]
[Result "0-1"]
[WhiteElo "2199"]
[BlackElo "2494"]
[TimeControl "180+1"]
[EndTime "10:30:08 PST"]
[Termination "J36225 won on time"]

1. d4 Nf6 2. c4 e6 3. Nf3 d5 4. Nc3 Nbd7 5. e3 Be7 6. b3 O-O 7. Bb2 b6 8. Bd3 Bb7 9. O-O c5 10. Qe2 Rc8 11. Rad1 a6 12. Ne5 Ra8 13. f4 Qc7 14. Kh1 Ne4 15. cxd5 exd5 16. a4 cxd4 17. Nxe4 dxe4 18. Bc4 Nxe5 19. fxe5 Qxe5 20. Bxd4 Qg5 21.
Rf4 h5 22. Rdf1 Bd5 23. Bxd5 Qxd5 24. Rf5 Qxb3 25. Rxh5 f6 26. Qg4 Qf7 27. Qh3 Qg6 28.
Qe6+ Qf7 29. Qh3 Qg6 30. Rh8+ Kf7 31. Rxf8+ Rxf8 32. Bxb6 Rb8 33. Bd4 Rb3 34. Qd7 Qg5 35. h3 Ra3 36. Rc1 Ra2 37. Rg1 Re2 38. Qc7 f5 39. a5 Rf2 40. Qe5 Bf6 41. Qd5+ Kg6 42. Bxf6 Qxf6 43. Qc5 f4 44. exf4 Qxf4 45. Qc6+ Kh7 46.
Qxa6 e3 47. Qd3+ g6 48. Re1 Qg3 0-1

[Event "*** Titled Tuesday Blitz"]
[Site "Chess.com"]
[Date "2021.03.09"]
[Round "3"]
[White "XDPS"]
[Black "Philosopherrr"]
[Result "0-1"]
[WhiteElo "2719"]
[BlackElo "2512"]
[TimeControl "180+1"]
[EndTime "10:30:09 PST"]
[Termination "Philosopherrr won by checkmate"]

1. e4 c6 2. d4 d5 3. exd5 cxd5 4. c4 Nf6 5. Nc3 g6 6. cxd5 Bg7 7. Bb5+ Nbd7 8. Qf3 O-O 9. Nge2 Nb6 10. h3 Nbxd5 11. O-O a6 12. Bc4 Nxc3 13. bxc3 Qc7 14. Bb3 e5 15. Ba3 Re8 16. d5 e4 17. Qe3 b5 18. Rfd1 Bd7 19. Rac1 Rac8 20. d6 Qb8 21.
Bb4 Nh5 22. Nf4 Bh6 23. Nxh5 Bxe3 24. Nf6+ Kg7 25. Nxd7 Qa7 26. fxe3 Qxd7 27. Rd4 Re5 28. Rf1 f5 29. Rc1 h5 30. c4 bxc4 31. Rdxc4 Rxc4 32. Rxc4 Kh6 33. Rc7 Qd8 34. Re7 Rb5 35. Ba3 Ra5 36.
Bb4 Rb5 37. Ba3 Rb6 38. d7 Rb7 39. Be6 Qa5 40. Re8 Rb1+ 41. Kh2 Qe5+ 42. g3 Qb5 43. Bf8+ Kh7 44. Re7+ Kh8 45. Bg7+ Kh7 46. Be5+ Kh6 47. Bf4+ g5 48. Bxg5+ Kxg5 49. h4+ Kf6 50. d8=Q Qe2+ 51. Kh3 Qg4+ 52. Kg2 Qf3+ 53. Kh3 Rh1# 0-1

[Event "*** Titled Tuesday Blitz"]
[Site "Chess.com"]
[Date "2021.03.09"]
[Round "3"]
[White "MFBerna"]
[Black "FMOlexandrProhorov"]
[Result "1-0"]
[WhiteElo "2372"]
[BlackElo "2119"]
[TimeControl "180+1"]
[EndTime "10:30:09 PST"]
[Termination "MFBerna won by resignation"]

1. d4 g6 2. e4 Bg7 3. Nf3 d6 4. Nc3 Nf6 5. h3 O-O 6. Be2 c6 7. O-O Qc7 8. Re1 Nbd7 9. Be3 e5 10. Qd2 Re8 11. dxe5 dxe5 12. Rad1 Nh5 13. g3 Nf8 14. Kg2 Be6 15. Ng5 Nf6 16. Qd6 Qxd6 17. Rxd6 h6 18. Nxe6 Nxe6 19. Red1 Bf8 20. R6d2 Bc5 21. Bxh6 Bb4 22.
f3 Nd4 23. Be3 Nxe2 24. Rxe2 a5 25. Red2 Kf8 26. a3 Be7 27. Na4 b5 28. Nc5 Kg7 29. Kf2 Nh7 30. h4 Nf8 31. Nd7 Ne6 32. Nxe5 Bf6 33. Nxc6 Bxb2 34. Rb1 Bxa3 35. Rxb5 a4 36. f4 Bf8 37. f5 gxf5 38. exf5 Nc7 39. Rb7 Na6 40. g4 a3 41. g5 Kg8 42. Bd4 a2 43. c4 Bc5 44. Rxa2 Bxd4+ 45. Nxd4 Nc5 46. Rxa8 Rxa8 47.
Rc7 Ne4+ 48. Kf3 Nd2+ 49. Kf4 Rd8 50. Nc6 Rd3 51. Ne5 Rd4+ 52. Ke3 Nb3 53. Rb7 Rxh4 54. Rxb3 Rh3+ 55. Nf3 Kg7 56. c5 Rh8 57. c6 Rc8 58. Rc3 Rxc6 59. Rxc6 Kf8 60. Rc7 Ke8 61. Kf4 Kd8 62.
Rxf7 1-0

[Event "*** Titled Tuesday Blitz"]
[Site "Chess.com"]
[Date "2021.03.09"]
[Round "3"]
[White "Make_it_shine060"]
[Black "gilbert_gm"]
[Result "1/2-1/2"]
[WhiteElo "2251"]
[BlackElo "2503"]
[TimeControl "180+1"]
[EndTime "10:30:09 PST"]
[Termination "Game drawn by repetition"]

1. d4 Nf6 2. c4 e6 3. Nf3 Bb4+ 4. Bd2 Bxd2+ 5. Qxd2 O-O 6. Nc3 d6 7. e4 Nc6 8. Be2 e5 9. d5 Ne7 10. O-O Ng6 11. b4 Bg4 12. c5 Nh5 13. h3 Bxf3 14. Bxf3 Nhf4 15. Ne2 Nh4 16. Nxf4 Nxf3+ 17. gxf3 Qg5+ 18.
Kh2 exf4 19. Rg1 Qe5 20. Rae1 Rae8 21. Rg4 f5 22. Rg5 h6 23. Rg6 Kh7 24. Rg2 g5 25.
cxd6 cxd6 26. Kh1 Qf6 27. Qd3 fxe4 28. Rxe4 Qf5 29. Kh2 Rxe4 30. fxe4 Qe5 31. f3 Rc8 32. Rc2 Rxc2+ 33. Qxc2 Kg6 34. Kg2 Kh5 35. Kh2 Qd4 36.
Qg2 Kg6 37. Qc2 Qxb4 38. e5+ Kf7 39. Qf5+ Kg7 40. Qf6+ Kh7 41. Qf7+ Kh8 42. Qf8+ Kh7 43.
Qf5+ Kg7 44. Qd7+ Kg6 45. Qe8+ Kg7 46. Qe7+ Kg6 47. Qf6+ Kh5 48. Qf7+ Kh4 49. Qf5 Qd2+ 50. Kg1 Qd1+ 51. Kg2 Qd2+ 52. Kg1 Qd1+ 53. Kg2 Qd2+ 54.
Kg1 1/2-1/2

[Event "*** Titled Tuesday Blitz"]
[Site "Chess.com"]
[Date "2021.03.09"]
[Round "3"]
[White "Mihnea2017"]
[Black "sergoy"]
[Result "1-0"]
[WhiteElo "2480"]
[BlackElo "2814"]
[TimeControl "180+1"]
[EndTime "10:30:11 PST"]
[Termination "Mihnea2017 won by resignation"]

1. e4 c5 2. Nf3 d6 3. d4 cxd4 4. Nxd4 Nf6 5. Nc3 a6 6. Be3 e5 7. Nb3 Be6 8. f3 Be7 9. Qd2 Nbd7 10. O-O-O O-O 11. g4 b5 12. g5 Nh5 13. Nd5 Bxd5 14. exd5 f6 15. gxf6 Bxf6 16. Bd3 Nf4 17. Kb1 Nxd3 18.
Qxd3 Bg5 19. h4 Bxe3 20. Qxe3 a5 21. Nd2 a4 22. a3 Nc5 23. Ne4 Nxe4 24. fxe4 Rb8 25.
c3 Rf4 26. h5 Qf6 27. Rh2 Qg5 28. Qe2 Qg4 29. Re1 Qxe2 30. Rexe2 Rbf8 31. Kc2 Rg4 32. Kd3 Rff4 33. Re3 Kf7 34. Rhe2 Rg5 35. h6 gxh6 36. c4 bxc4+ 37. Kxc4 h5 38. Kb4 h4 39. Kxa4 Rg3 40. Kb5 Rff3 41. Rxf3+ Rxf3 42. Kb4 h3 43. a4 Rg3 44. b3 Ke7 45. a5 Kd7 46. Rc2 Rg8 47. Rc3 Rg4 48. Rxh3 Rxe4+ 49. Kb5 Kc7 50. Rxh7+ Kb8 51.
Kc6 Rb4 52. Kxd6 Rxb3 53. Kxe5 Rb5 54. Ke6 Rxa5 55. d6 Ra1 56. Rh8+ Kb7 57. d7 Re1+ 58. Kf5 Rf1+ 59. Kg4 1-0

[Event "*** Titled Tuesday Blitz"]
[Site "Chess.com"]
[Date "2021.03.09"]
[Round "3"]
[White "rasmussvane"]
[Black "Szparu"]
[Result "1/2-1/2"]
[WhiteElo "2948"]
[BlackElo "2654"]
[TimeControl "180+1"]
[EndTime "10:30:12 PST"]
[Termination "Game drawn - insufficient material"]

1. Nf3 c5 2. c4 Nf6 3. Nc3 g6 4.
d4 cxd4 5. Nxd4 Bg7 6. e4 O-O 7. Be3 Nc6 8. Be2 d6 9. O-O Bd7 10. Nc2 Rc8 11. Rc1 a6 12. f4 Be8 13. Qd2 Nd7 14. Bf3 b5 15. cxb5 axb5 16. Nd4 Nb6 17. b3 Nxd4 18. Bxd4 e5 19. Be3 Bc6 20. Rfd1 exf4 21.
Bxf4 Be5 22. Bg4 Qh4 23. Bxe5 Qxg4 24. Qxd6 Nd7 25. h3 Qg5 26. Bd4 Rfe8 27. Nd5 Re6 28. Qf4 Qxf4 29. Nxf4 Rxe4 30. Nd5 Ree8 31. Nb4 Be4 32.
Bf2 Nf6 33. a4 bxa4 34. bxa4 Rb8 35. Nc6 Ra8 36. Nd4 Rxa4 37. Re1 Raa8 38. Re2 Bd5 39. Rce1 Rxe2 40. Rxe2 Re8 41. Rxe8+ Nxe8 42. g4 Nf6 43. Be3 h5 44. gxh5 Nxh5 45. Kh2 Be4 46. Ne2 Bf3 47. Ng3 Ng7 48. Bd4 Ne6 49. Bf6 Bd5 50. Nf1 Nc5 51. Ne3 Be6 52. Bd4 Ne4 53. Kg2 f6 54. h4 Kf7 55. Kf3 Nd6 56. Kf4 Nf5 57. Nxf5 Bxf5 58. Bc3 Be6 59. Bb2 g5+ 60. hxg5 fxg5+ 61. Kxg5 1/2-1/2

[Event "*** Titled Tuesday Blitz"]
[Site "Chess.com"]
[Date "2021.03.09"]
[Round "3"]
[White "suneebaker"]
[Black "ega2006"]
[Result "1-0"]
[WhiteElo "2224"]
[BlackElo "2387"]
[TimeControl "180+1"]
[EndTime "10:30:12 PST"]
[Termination "suneebaker won by resignation"]

1. Nf3 Nf6 2. g3 g6 3. Bg2 Bg7 4.
O-O O-O 5. c4 d6 6. d4 Nbd7 7.
Nc3 e5 8. dxe5 dxe5 9. b3 c6 10. Ba3 Re8 11. Qc2 Bf8 12. Bxf8 Nxf8 13. Rad1 Qc7 14. c5 Bg4 15. Ng5 Ne6 16. Nge4 Nxe4 17.
Nxe4 Bf5 18. Nf6+ Kf8 19. Nxe8 Bxc2 20. Nxc7 Nxc7 21. Rd7 Rc8 22. Bh3 Bf5 23. Bxf5 gxf5 24. Rfd1 Ke8 25. R7d6 Ne6 26. b4 a5 27. a3 axb4 28.
axb4 Rc7 29. e3 Ke7 30. Kg2 h5 31. Ra1 b6 32. Rxe6+ Kxe6 33. cxb6 Rb7 34. Ra6 Kd5 35.
h4 e4 36. Ra5+ Ke6 37. Ra6 Kd5 38. Ra7 Rxb6 39. Rxf7 Ke6 40. Rh7 Rxb4 41. Rxh5 c5 42. Rh8 Kd5 43. Rc8 Rb6 44. g4 fxg4 45. Kg3 c4 46. Kxg4 Rc6 47. Rd8+ Ke5 48. Re8+ Kf6 49. Rd8 c3 50. Rd1 Ke5 51. Rc1 Rc8 52. h5 c2 53. h6 Kf6 54. Kf4 Rc4 55. f3 exf3+ 56. Kxf3 Kg6 57. Ke2 Kxh6 58. Kd3 Rc8 59. Rxc2 Rd8+ 60.
Ke4 Kg7 61. Rc7+ Kf6 62. Kf4 Re8 63. e4 Re6 64. Rh7 Rd6 65. Rh6+ Ke7 66. Rxd6 Kxd6 67. Kf5 1-0

[Event "*** Titled Tuesday Blitz"]
[Site "Chess.com"]
[Date "2021.03.09"]
[Round "3"]
[White "crazy_but_lazy"]
[Black "superjem123"]
[Result "0-1"]
[WhiteElo "2509"]
[BlackElo "2761"]
[TimeControl "180+1"]
[EndTime "10:30:14 PST"]
[Termination "superjem123 won by resignation"]

1. e4 e5 2. Nf3 Nc6 3. Bb5 Nf6 4. d3 Bc5 5. h3 Nd4 6. Nxd4 Bxd4 7. c3 Bb6 8. O-O c6 9. Ba4 O-O 10. Bg5 h6 11. Bh4 g5 12. Bg3 d6 13. Nd2 h5 14.
Nc4 h4 15. Bh2 g4 16. hxg4 Nxg4 17. d4 Bc7 18. Ne3 Nxh2 19. Kxh2 Qg5 20. d5 c5 21.
Qf3 Kg7 22. Nf5+ Bxf5 23. Qxf5 Qxf5 24. exf5 Kf6 25. Bc2 Rg8 26. Rae1 Rg4 27. Re4 Rag8 28. Rxg4 Rxg4 29. f3 Rg3 30. Be4 c4 31. b3 Bb6 32.
bxc4 Be3 33. a4 a5 34. Rb1 b6 35. Rd1 Bf4 36. Kh1 h3 37. gxh3 Rxh3+ 38. Kg1 Rh2 39. Rb1 Ra2 40. Kf1 Be3 41. Re1 Bc5 42. Re2 Ra1+ 43.
Kg2 Rxa4 44. Kg3 Ra1 45. Rg2 a4 46. Kh2 a3 47. Rg8 Rc1 48. Ra8 Rxc3 49. Kg3 Rxc4 50.
Bd3 Rd4 51. Be4 b5 52. Kf2 Ra4+ 0-1